 Dungeon Crawl Stone Soup version 0.29-a0-362-g5854e031c7 (webtiles) character file.

Game seed: 12198876506904700821

15 sammy202020 the Skirmisher (level 2, -2/36 HPs)
             Began as a Demonspawn Berserker on Apr 30, 2022.
             Was a Follower of Trog.
             Succumbed to a goblin's poison
             ... on level 2 of the Dungeon.
             The game lasted 00:01:27 (1438 turns).

sammy202020 the Skirmisher (Demonspawn Berserker)   Turns: 1438, Time: 00:01:27

Health: -2/36      AC:  3    Str: 17    XL:     2   Next: 34%
Magic:  2/2        EV: 12    Int:  8    God:    Trog [*.....]
Gold:   45         SH:  0    Dex: 12    Spells: 1/1 levels left

rFire   . . .      SeeInvis .   a - +0 hand axe
rCold   . . .      Faith    .   (no shield)
rNeg    . . .      Spirit   .   f - +0 leather armour
rPois   .          Reflect  .   (no helmet)
rElec   .          Harm     .   (no cloak)
rCorr   .          Rampage  .   (no gloves)
Will    .....                   (no boots)
Stlth   ..........              (no amulet)
HPRegen 0.12/turn               (no ring)
MPRegen 0.08/turn               (no ring)

@: berserking, lethally poisoned (-2 -> -27), attractive, very quick
A: foul stench 1
a: Renounce Religion, Berserk


You were on level 2 of the Dungeon.
You worshipped Trog.
Trog was aware of your devotion.
You visited 1 branch of the dungeon, and saw 2 of its levels.

You collected 45 gold pieces.

Inventory:

Hand Weapons
 a - a +0 hand axe (weapon)
 h - a +0 mace
Missiles
 g - 4 poisoned darts (quivered)
Armour
 b - a +0 animal skin
 f - a +0 leather armour (worn)
Jewellery
 j - an amulet of faith
Scrolls
 d - 5 scrolls of teleportation {unknown}
 i - a scroll of immolation {unknown}
 k - a scroll of enchant weapon {unknown}
Potions
 c - a potion of degeneration {unknown}


   Skills:
 * Level 3.2 Fighting
 * Level 3.0 Axes
 + Level 1.9 Armour
 + Level 2.0 Dodging


You had one spell level left.
You didn't know any spells.
Your spell library was empty.

Dungeon Overview and Level Annotations

Branches:
Dungeon (2/15)

Altars:

Annotations:
D:2 Robin


Innate Abilities, Weirdness & Mutations

You may rarely emit foul miasma when damaged in melee.


Message History

You hear a shout!
Robin roars a battlecry!
The goblins go into a battle-frenzy!
A goblin comes into view. It is wielding a +0 dagger.
The goblin hits you with a +0 dagger of venom.
You are poisoned.
The endoplasm jiggles.
A goblin comes into view. It is wielding a +0 club.
You hit the endoplasm.
The endoplasm is moderately wounded.
You hit the kobold but do no damage. You closely miss the goblin.
You feel very sick. The goblin hits you but does no damage.
You are lethally poisoned!
A goblin comes into view. It is wielding a +0 club.
The endoplasm closely misses you. The kobold closely misses you.
You hit the endoplasm.
The endoplasm is heavily wounded.
You barely miss the goblin. You barely miss the kobold.
You feel very sick. The goblin closely misses you.
The endoplasm closely misses you.
A rat comes into view.
The kobold closely misses you.
Okay, then.
It was a potion of attraction.
You feel attractive to monsters.
You feel very sick.
The goblin hits you with a +0 dagger of venom.
* * * LOW HITPOINT WARNING * * *
You are more poisoned.
The endoplasm hits you but does no damage.
A goblin comes into view. It is wielding a +0 dagger.
The hobgoblin hits you.
* * * LOW HITPOINT WARNING * * *
The kobold closely misses you. The hobgoblin is attracted toward you.
The goblin is attracted toward you. x2
Unknown command.
A red film seems to cover your vision as you go berserk!
You feel yourself moving faster!
You feel mighty!
You die...

#######.###
..........###
#######.#...####
########..###...#
.................
.#..............
...##..........?.
#.#..........#
..#.##g@g...##.
....?##g#JK..#.#
#....#g#g#..#.#.
...[gg#g# ..##.#
...g.g# ... ..
...§g .... . §..r
..... .. ...##.


You could see an endoplasm, 5 hobgoblins, 6 goblins, a kobold and a rat.

Vanquished Creatures
  2 dart slugs (D:1)
  A bat (D:1)
  An endoplasm (D:1)
  A giant cockroach (D:1)
  2 goblins (D:1)
  A ball python (D:1)
  2 kobolds (D:1)
  A rat (D:1)
11 creatures vanquished.

Vanquished Creatures (others)
  4 fungi (D:1)
  2 plants (D:1)
6 creatures vanquished.

Grand Total: 17 creatures vanquished

Notes
Turn   | Place    | Note
-------+----------+-------------------------------------------
     0 | D:1      | sammy202020 the Demonspawn Berserker began the quest for
                  | the Orb.
     0 | D:1      | Reached XP level 1. HP: 18/18 MP: 1/1
   895 | D:1      | Gained mutation: You may rarely emit foul miasma when
                  | damaged in melee. [demonic ancestry]
   895 | D:1      | Reached XP level 2. HP: 24/24 MP: 2/2
  1364 | D:1      | Found a faded altar of an unknown god.
  1433 | D:2      | Noticed Robin
  1438 | D:2      | Succumbed to a goblin's poison

Illustrated notes

Levels and vault maps discovered:
D:1:      roderic_octagonal_star, layout_basic, shapermc_ecumenical_altar_petra
D:2:      layout_loops_ring, minmay_misc_feat_secret_circle, uniq_robin,
          uniq_crazy_yiuf_cottage

Skill      XL: |  1  2 |
---------------+-------+-----
Axes           | 3 |  3.0
Dodging        | 2 |  2.0
Fighting       | |  3.2
Armour         | |  1.9

Action                   || total
-------------------------++-------
Melee: Hand axe          ||    46
Invok: Berserk           ||     1
  Use: Potion            ||     1
Armor: Leather armour    ||     8
Dodge: Dodged            ||    19

Table legend: (Time is in decaauts)
 A = Elapsed time spent in this place.
 B = Non-inter-level travel time spent in this place.
 C = Inter-level travel time spent in this place.
 D = Time resting spent in this place.
 E = Time spent auto-exploring this place.
 F = Levels seen in this place.
 G = Mean time per level.
                   A        B        C        D        E       F      G
               +--------+--------+--------+--------+--------+-----+--------+
         Total |   1445 |   1414 |     31 |      0 |   1237 |   2 |  722.5 |
       Dungeon |   1445 |   1414 |     31 |      0 |   1237 |   2 |  722.5 |
               +--------+--------+--------+--------+--------+-----+--------+

Top non-repeatable levels by time:
     D:1: 1430 daAuts
     D:2: 15 daAuts
